 Dungeon Crawl Stone Soup version bcrawl-1.27.1d (webtiles) character file.

Game seed: 13948562031567694594

121077 Freyura the Twirler (level 3, 28/28 HPs)
             Began as a Demonspawn Gladiator on July 22, 2020.
             Got out of the dungeon alive.
             The game lasted 00:01:42 (859 turns).

Freyura the Twirler (Demonspawn Gladiator)           Turns: 859, Time: 00:01:42

Health: 28/28      AC:  4    Str: 14    XL:     3   Next: 7%
Magic:  3/3        EV: 13    Int:  9    God:
Gold:   57         SH:  0    Dex: 15    Spells: 2/2 levels left

rFire    + . .     SeeInvis .   a - +0 quarterstaff
rCold    + . .     Gourm    .   (shield currently unavailable)
rNeg     . . .     Faith    .   b - +0 leather armour
rPois    .         Spirit   .   c - +0 helmet
rElec    .         Reflect  .   j - scarf {rC+ rF+}
rCorr    .         Harm     .   (no gloves)
MR       .....                  (no boots)
Stlth    ++........             (no amulet)
HPRegen  0.09/turn              (no ring)
MPRegen  0.08/turn              (no ring)

@: no status effects
A: talons 1, nightstalker 1
a: no special abilities


You escaped.
You were not hungry.

You visited 1 branch of the dungeon, and saw 1 of its levels.

You collected 57 gold pieces.

Inventory:

Hand Weapons
 a - a +0 quarterstaff (weapon)
Missiles
 d - 5 throwing nets {=f}
Armour
 b - a +0 leather armour (worn)
 c - a +0 helmet (worn)
 j - a scarf of resistance (worn)
Scrolls
 f - a scroll of teleportation {unknown}
 k - a scroll of enchant weapon {unknown}
Potions
 g - a potion of might {unknown}
 h - a potion of degeneration {unknown}
 i - a potion of curing {unknown}
Comestibles
 e - 3 rations {!d}


   Skills:
 + Level 2.4 Fighting
 + Level 3.1 Staves
 - Level 1.7 Throwing
 + Level 1.0 Armour
 + Level 3.0 Dodging


You had 2 spell levels left.
You didn't know any spells.
Your spell library was empty.

Dungeon Overview and Level Annotations

Branches:
Dungeon (1/12)

Altars:


Innate Abilities, Weirdness & Mutations

You have sharp toenails.
You are slightly more attuned to the shadows.


Message History

No target in view!
You see here a giant cockroach corpse.
You open the door.
There is an open door here.
There is an open door here.
You now have 57 gold pieces (gained 14).
j - an embroidered scarf You see here a ring mail.
Wear which item? (? for menu, Esc to quit)
You start putting on your armour.
You continue putting on your embroidered scarf. x4
You finish putting on your scarf of resistance.
You feel resistant to extremes of temperature.
You open the door.
There is an open door here.
k - a scroll labeled CAATUIR YSTUF
There is an open door here.
There is a staircase leading out of the dungeon here.
Are you sure you want to leave the Dungeon?
This will make you lose the game!
You have escaped!

#.........######.........#.......
#........># #################..
#.........#####...## ##.
#............#..#..## ######.
#.........##...#.#..#######.[....
#..[...#...)..#...#......##.....#
#......#.#####.....#####.##.....#
#......#..#...........#..##.....#
#......##..#....@....#..###.....#
#......##..#.........#....'......
#......#..#...........#...#......
######.#.#####.....#####..####+#.
#.#......#...#.......# #.#.
#.####....#.#..#.#.#.# #.#.
#.......#..#..#..#...# #...
############.##...##.####.####...
...................[....#........


There were no monsters in sight!

Vanquished Creatures
  2 leopard geckos (D:1)
  A ball python (D:1)
  3 bats (D:1)
  A giant cockroach (D:1)
  4 goblins (D:1)
  5 hobgoblins (D:1)
  4 jackals (D:1)
  2 kobolds (D:1)
  A frilled lizard (D:1)
  2 rats (D:1)
25 creatures vanquished.

Notes
Turn   | Place    | Note
-------+----------+-------------------------------------------
     0 | D:1      | Freyura the Demonspawn Gladiator began the quest for the
                  | Orb.
     0 | D:1      | Reached XP level 1. HP: 16/16 MP: 1/1
   154 | D:1      | Gained mutation: You are slightly more attuned to the
                  | shadows. [demonic ancestry]
   154 | D:1      | Reached XP level 2. HP: 16/22 MP: 2/2
   649 | D:1      | Reached skill level 1 in Armour
   663 | D:1      | Gained mutation: You have sharp toenails. [demonic
                  | ancestry]
   663 | D:1      | Reached XP level 3. HP: 19/28 MP: 3/3
   859 | D:$      | Got out of the dungeon alive.

Skill      XL: |  1  2 |
---------------+-------+-----
Staves         | 3 |  3.1
Dodging        | 3 |  3.0
Armour         | 1 |  1.0
Fighting       | |  2.4
Throwing       | |  1.7

Action                   || total
-------------------------++-------
Melee: Quarterstaff      ||    77
       Kick              ||     1
 Stab: Sleeping          ||     4
  Eat: Chunk             ||     2
Armor: Leather armour    ||    34
Dodge: Dodged            ||    66
